AoeStats
← b站江条

QS Arena

503689653Analyzed
1v1 RM · 1mo ago on Sep 1, 2026· 32m 32s· 2 players
Game mode
Random Map
Map size
Tiny (2 player)
Population
200
Speed
Normal
Resources
Standard
Victory
Conquest
Starting age
Dark Age
Ending age
Imperial Age
RankedLock teamsTeams togetherTeam positionsShared explorationLock speedFull tech treeHidden civsTurbo modeCheats
Victory
Defeat
🇨🇳 Maya · China
1338
+17
🇧🇷 Spanish · Brazil
1358
-17
b站江条
7:54 Feudal Age
9:22 Loom
12:38 Castle Age
10:54 Horse Collar
11:07 Double-Bit Axe
17:02 Bow Saw
19:52 Heavy Plow
26:55 Imperial Age
24:21 Stone Mining
24:24 Gold Mining
24:45 Fletching
26:34 Wheelbarrow
25:41 Crossbowman
27:46 Thumb Ring
27:40 Bodkin Arrow
27:46 Padded Archer Armor
27:33 Arbalester
29:06 Conscription
31:52 Ballistics
32:33 Chemistry
31:51 Guilds
32:07 Masonry
32:38 Hoardings
32:19 Bracer
32:34 Leather Archer Armor
PhiL
7:48 Feudal Age
8:55 Loom
11:45 Castle Age
19:00 Wheelbarrow
18:24 Double-Bit Axe
18:20 Horse Collar
19:27 Gold Mining
23:19 Hand Cart
23:42 Padded Archer Armor
23:47 Scale Barding Armor
24:28 Heavy Plow
25:18 Bow Saw
28:16 Imperial Age
26:07 Husbandry
26:14 Stone Mining
27:55 Padded Archer Armor
28:00 Scale Barding Armor
28:56 Bloodlines
31:51 Leather Archer Armor
31:57 Chain Barding Armor
31:47 Forging
Connection lost

Rejoining the realm…

Still unreachable

The connection could not be restored.

Session expired

The server has moved on; the page needs a fresh start.